 Dungeon Crawl Stone Soup version 0.15.0-11-g6f4f891 (webtiles) character file.

3061 MDvedh the Bludgeoner (level 9, 0/144 HPs)
             Began as an Ogre Berserker on Aug 31, 2014.
             Was a High Priest of Trog.
             Slain by a three-headed hydra (9 damage)
             ... on Level 8 of the Dungeon.
             The game lasted 00:11:20 (9130 turns).

MDvedh the Bludgeoner (Ogre Berserker)              Turns: 9130, Time: 00:11:21

HP   0/144       AC  5     Str 32      XL: 9   Next: 88%
MP   9/9         EV 10     Int  6      God: Trog [*****.]
Gold 562         SH  0     Dex  9      Spells:  0 memorised,  8 levels left

rFire  + . .     SeeInvis .     F - +0 giant spiked club
rCold  . . .     Clarity  .     b - +0 animal skin
rNeg   . . .     rCorr    .     (shield restricted)
rPois  .         rRot     .     (helmet restricted)
rElec  .         Spirit   .     v - +1 cloak
SustAb .         Warding  .     (gloves unavailable)
rMut   .         Stasis   .     (boots unavailable)
Gourm  .                        (no amulet)
MR     .....                    y - ring of flight
                                w - ring of protection from fire

@: berserking, very quick, not resistant to hostile enchantments, extremely
unstealthy
A: unfitting armour, tough skin 1
a: Burn Spellbooks, Berserk, Trog's Hand, Brothers in Arms, Renounce Religion,
Evoke Flight


You were on level 8 of the Dungeon.
You worshipped Trog.
Trog was extremely pleased with you.
You were not hungry.

You visited 1 branch of the dungeon, and saw 8 of its levels.

You collected 562 gold pieces.

Inventory:

Hand weapons
 F - a +0 giant spiked club (weapon)
Armour
 b - a +0 animal skin (worn)
 v - a +1 cloak (worn)
Magical devices
 C - a wand of draining (5)
Comestibles
 c - 5 meat rations
 m - 4 bread rations
 s - a beef jerky
 u - 8 slices of pizza
 z - 18 fruits
 D - a royal jelly
Scrolls
 e - 2 scrolls of fog {unknown}
 f - 3 scrolls of teleportation {unknown}
 g - a scroll of fear {unknown}
 h - 10 scrolls of remove curse {unknown}
 i - 5 scrolls of identify {unknown}
 n - 3 scrolls of enchant weapon {unknown}
 t - a scroll of recharging {unknown}
 A - a scroll of acquirement {unknown}
 E - a scroll of random uselessness {unknown}
Jewellery
 w - a ring of protection from fire (left hand)
 y - a ring of flight (right hand)
Potions
 a - 2 potions of confusion {unknown}
 d - a potion of cure mutation {unknown}
 j - 5 potions of heal wounds {unknown}
 k - a potion of flight {unknown}
 l - a potion of poison {unknown}
 o - a potion of cancellation {unknown}
 p - 2 potions of brilliance {unknown}
 q - a potion of beneficial mutation {unknown}
 r - 2 potions of agility {unknown}
 x - 2 potions of haste {unknown}
 B - a potion of lignification {unknown}


   Skills:
 + Level 8.0 Fighting
 + Level 15.5 Maces & Flails
 - Level 2.9 Dodging


You had 8 spell levels left.
You didn't know any spells.

Dungeon Overview and Level Annotations

Branches:
Dungeon (8/15)             Temple (0/1) D:4
   Lair: D:8-11

Altars:
Okawaru
Sif Muna
Vehumet
Xom
Yredelemnul


Innate Abilities, Weirdness & Mutations

You are too large for most types of armour.
You have tough skin (AC +1).


Message History

A red film seems to cover your vision as you go berserk!
You feel yourself moving faster!
You feel mighty!
You feel somewhat more hungry. The big kobold hits you with a cutlass!
* * * LOW HITPOINT WARNING * * *
You are too injured to fight recklessly!
You are too injured to fight recklessly!
You are too injured to fight recklessly!
You are too injured to fight recklessly!
You are too injured to fight recklessly!
You closely miss the big kobold. The big kobold closely misses you.
Unknown command.
You sock the big kobold!
The big kobold is moderately wounded.
Unknown command.
You barely miss the three-headed hydra.
The three-headed hydra is moderately wounded.
The big kobold barely misses you. The three-headed hydra bites you!
* * * LOW HITPOINT WARNING * * *
The three-headed hydra bites you!
You die...

....##..#
#########.## #.# #
....##..#
.........).# ##.###
....##..#
...........)###.....
....##..#
..........)).##.....
....##..#
##########.#.##.>...
........#
#..#.....#.#.##.....
..#.###.#
#..'....≈#.#..##'###
..#.#
#..'.P..)#)##.##.#
..#.#
#.D@....≈)%##..#.#
..#.#
#.K#.....#####.#.#
..#.# #'##P≈P.≈#
#.#.# ..#.#
#%.#≈≈≈≈P# #...#
..#.# #.)+.P≈PP#
##.[# ....#
############# #..#
.#### #.........#
###..### ##
#.........# #...>##.
#.........# #.#####.


You could see a three-headed hydra and a big kobold.

Vanquished Creatures
  2 yaks (D:8)
  A hippogriff (D:8)
  3 ice beasts
  4 ogres
  A sky beast (D:7)
  Duvessa (D:6)
  2 gnoll sergeants
  3 big kobolds
  4 giant frogs
  A scorpion (D:4)
  2 crimson imps
  5 hounds
  Dowan (D:6)
  2 goliath beetles
  A giant frog zombie (D:3)
  A giant frog skeleton (D:4)
  An orc priest (D:6)
  9 orc wizards
  7 worker ants
  An iguana (D:7)
  2 sheep (D:8)
  An ogre skeleton (D:4)
  A hound skeleton (D:4)
  6 adders
  10 gnolls
  3 giant mites
  2 inept feature mimics
  3 worms
  4 giant geckos
  2 oozes
  17 orcs
  A ball python (D:3)
  8 giant cockroaches
  A gnoll zombie (D:7)
  8 goblins
  14 hobgoblins
  2 jackals (D:1)
  18 kobolds
  3 quokkas
  12 bats
  3 giant newts
  A giant spore (D:7)
  An orc zombie (D:3)
  A quokka zombie (D:6)
  21 rats
  2 rat skeletons
  3 ballistomycetes
202 creatures vanquished.

Vanquished Creatures (others)
  2 giant spores
2 creatures vanquished.

Grand Total: 204 creatures vanquished

Notes
Turn   | Place    | Note
--------------------------------------------------------------
     0 | D:1      | MDvedh, the Ogre Berserker, began the quest for the Orb.
     0 | D:1      | Reached XP level 1. HP: 24/24 MP: 1/1
   388 | D:1      | Reached XP level 2. HP: 30/32 MP: 2/2
   581 | D:1      | Reached skill level 5 in Maces & Flails
   871 | D:1      | Acquired Trog's second power
   986 | D:1      | Reached XP level 3. HP: 39/39 MP: 3/3
  1509 | D:2      | Reached skill level 6 in Maces & Flails
  1632 | D:2      | Reached XP level 4. HP: 44/48 MP: 4/4
  1870 | D:2      | Found a radiant altar of Vehumet.
  2234 | D:3      | Reached skill level 7 in Maces & Flails
  2234 | D:3      | Reached XP level 5. HP: 33/54 MP: 5/5
  2500 | D:3      | Reached skill level 8 in Maces & Flails
  3113 | D:4      | Found a shimmering altar of Xom.
  3117 | D:4      | Reached XP level 6. HP: 62/62 MP: 6/6
  3232 | D:4      | Noticed an ogre
  3243 | D:4      | Killed an ogre
  3243 | D:4      | Reached skill level 9 in Maces & Flails
  3549 | D:4      | Found a staircase to the Ecumenical Temple.
  3582 | D:4      | Reached XP level 7. HP: 49/70 MP: 7/7
  3762 | D:4      | Noticed an ogre
  3771 | D:4      | Reached skill level 10 in Maces & Flails
  3778 | D:4      | Killed an ogre
  4408 | D:4      | Reached skill level 11 in Maces & Flails
  4427 | D:4      | Acquired Trog's third power
  4742 | D:5      | Entered Level 5 of the Dungeon
  4742 | D:5      | Found an iron altar of Okawaru.
  5332 | D:5      | HP: 2/70 [ice beast (14)]
  5336 | D:5      | Reached skill level 12 in Maces & Flails
  5336 | D:5      | Reached XP level 8. HP: 4/78 MP: 8/8
  5835 | D:5      | Found an iron altar of Okawaru.
  6048 | D:6      | Noticed Dowan
  6049 | D:6      | Noticed Duvessa
  6061 | D:6      | Killed Duvessa
  6061 | D:6      | Reached skill level 13 in Maces & Flails
  6064 | D:6      | Killed Dowan
  6370 | D:6      | Reached skill level 14 in Maces & Flails
  6453 | D:6      | Found a deep blue altar of Sif Muna.
  6696 | D:7      | Reached XP level 9. HP: 82/84 MP: 9/9
  6755 | D:7      | Found a basalt altar of Yredelemnul.
  7124 | D:7      | Reached skill level 5 in Fighting
  7248 | D:7      | Received a gift from Trog
  8352 | D:8      | Reached skill level 15 in Maces & Flails
  9122 | D:8      | Noticed a three-headed hydra
  9130 | D:8      | Slain by a three-headed hydra

Action                   |  1- 3 |  4- 6 |  7- 9 || total
-------------------------+-------+-------+-------++-------
Melee: Mace              |    97 |       |       ||    97
       Flail             |     6 |    37 |       ||    43
       Morningstar       |       |   104 |   299 ||   403
       Giant spiked club |       |       |    65 ||    65
Invok: Berserk           |       |     2 |     8 ||    10
       Burn Spellbooks   |       |       |     2 ||     2
Evoke: Wand              |       |       |     1 ||     1
  Eat: Chunk             |     2 |     6 |    10 ||    18
       Royal jelly       |       |     1 |       ||     1
       Beef jerky        |       |       |     2 ||     2
       Meat ration       |       |       |     2 ||     2
       Fruit             |       |       |     1 ||     1
       Bread ration      |       |       |     1 ||     1
